 Dungeon Crawl Stone Soup version 0.12.2-5-gb0b09c3 (webtiles) character file.

263 Antunes the Practitioner (level 3, -5/21 HPs)
             Began as a Kobold Healer on June 10, 2013.
             Was a Believer of Elyvilon.
             Slain by an ice beast (9 damage)
             ... summoned by brainwrinkle's ghost
             ... on Level 6 of the Dungeon.
             The game lasted 00:27:38 (3268 turns).

Antunes the Practitioner (Kobold Healer)            Turns: 3268, Time: 00:27:38

HP  -5/21        AC  3     Str 11      XL: 3   Next: 82%
MP   6/6         EV 15     Int 11      God: Elyvilon [**....]
Gold 220         SH  0     Dex 14      Spells:  0 memorised,  2 levels left

Res.Fire  : . . .   See Invis. : .   o - +0 orc dagger
Res.Cold  : . . .   Warding    : .   a - +1 robe (curse)
Life Prot.: . . .   Conserve   : .   (no shield)
Res.Poison: .       Res.Corr.  : .   (no helmet)
Res.Elec. : .       Clarity    : .   (no cloak)
Sust.Abil.: . .     Spirit.Shd : .   (no gloves)
Res.Mut.  : .       Stasis     : .   (no boots)
Res.Rott. : .       Ctrl.Telep.: .   (no amulet)
Saprovore : + + .   Flight     : .   (no ring)
                                     (no ring)

@: not resistant to hostile enchantments, fairly stealthy
A: disease resistance, carnivore 3, saprovore 2
a: Lesser Healing, Lesser Self-Healing, Divine Protection, Purification,
Renounce Religion


You were on level 6 of the Dungeon.
You worshipped Elyvilon.
Elyvilon was most pleased with you.
You were full.

You visited 1 branch of the dungeon, and saw 6 of its levels.

You collected 120 gold pieces.

Inventory:

Hand weapons
 m - a +0,+0 sling
 o - a +0,+0 orcish dagger (weapon)
 p - a +0,+0 sling
Missiles
 e - 3 needles of paralysis
 f - 36 stones
 g - 12 darts of frost
 h - 43 sling bullets
 i - 36 darts (quivered)
Armour
 a - a cursed +1 robe (worn)
 k - a +0 chain mail
Magical devices
 q - a wand of fire (4)
Comestibles
 d - 2 meat rations
Scrolls
 l - a scroll of recharging {unknown}
Jewellery
 n - a +5 ring of strength {unknown}
Potions
 c - a potion of heal wounds


   Skills:
 + Level 2.4 Fighting
 + Level 0.3 Short Blades
 + Level 1.0 Throwing
 + Level 2.8 Dodging
 * Level 1.5 Stealth
 * Level 0.2 Stabbing
 * Level 0.8 Traps
 + Level 4.4 Invocations


You had 2 spell levels left.
You didn't know any spells.

Dungeon Overview and Level Annotations

Branches:
Dungeon (6/27)
 Temple: D:4-7          Orc: D:6-11

Altars:
the Shining One

Annotations
D:6 brainwrinkle's ghost, experienced MfIE


Innate Abilities, Weirdness & Mutations

You recuperate from illness quickly.
You are small and have problems with some larger weapons.
You are carnivorous and can eat meat at any time.
You can eat rotten meat.


Message History

The hound skeleton bites you but does no damage.
The crimson imp blinks!
The bat hits you. The bat misses you. The wight misses you.
The wight hits you with a runed hand axe!
The ice beast barely misses you.
Evoke which item? (* to show all) (? for menu, Esc to quit)
Zapping:
q - a wand of fire {zapped: 2}
Press: ? - help, Shift-Dir - straight line, f - ice beast
Aim: an ice beast (summoned)
The bolt of fire hits the ice beast.
The ice beast melts!
The ice beast is heavily wounded.
You feel yourself speed up. The hound skeleton misses you.
The hound skeleton barely misses you.
The wight hits you with a runed hand axe.
* * * LOW HITPOINT WARNING * * *
The ice beast hits you.
* * * LOW HITPOINT WARNING * * *
The ice beast freezes you!
Your potion of curing freezes and shatters!
You die...

##### .#..###
#...#.## ......<#
.......# .......#
.#....## .##....# ###
.z.....#########@##
..........#.##ZzzI##
##........#.#IJ##b.#
##....#.....IpI...##
#........#........#
#...I...I.......#.#
...........<........
##...................
###..#............#.


You could see 4 ice beasts, an ooze, a wight, brainwrinkle's ghost, a centaur
zombie, a bat and a hound skeleton.

Vanquished Creatures
  2 oozes
  An orc (D:3)
  A giant cockroach (D:2)
  2 goblins
  4 hobgoblins
  A kobold (D:1)
  2 bats
  A giant newt (D:2)
  3 rats
  A rat skeleton (D:5)
18 creatures vanquished.

Vanquished Creatures (others)
  An orc (D:5)
  A giant cockroach (D:2)
  A goblin (D:2)
  4 toadstools (D:1)
7 creatures vanquished.

Grand Total: 25 creatures vanquished

Notes
Turn   | Place    | Note
--------------------------------------------------------------
     0 | D:1      | Antunes, the Kobold Healer, began the quest for the Orb.
     0 | D:1      | Reached XP level 1. HP: 12/12 MP: 2/2
   286 | D:1      | Reached skill level 1 in Stealth
   891 | D:1      | Reached XP level 2. HP: 17/17 MP: 2/4
   995 | D:1      | Found a glowing golden altar of the Shining One.
  1549 | D:2      | Reached XP level 3. HP: 13/21 MP: 3/6
  2334 | D:2      | Reached skill level 1 in Throwing
  2780 | D:5      | Entered Level 5 of the Dungeon
  2781 | D:5      | Noticed a yak skeleton
  3236 | D:6      | Noticed brainwrinkle's ghost (experienced MfIE)
  3244 | D:6      | Noticed a centaur zombie
  3255 | D:6      | Noticed an ice beast
  3257 | D:6      | Noticed an ice beast
  3259 | D:6      | Noticed an ice beast
  3261 | D:6      | Noticed an ice beast
  3263 | D:6      | HP: 1/21 [bat (1)]
  3266 | D:6      | Noticed an ice beast
  3268 | D:6      | Slain by an ice beast

Action                   || total
-------------------------++-------
Melee: Unarmed           ||    26
       Dagger            ||   109
Throw: Stone             ||    11
       Dart              ||     8
Invok: Lesser Healing    ||    35
Evoke: Wand              ||     3
  Use: Scroll            ||     5
       Potion            ||     2
 Stab: Sleeping          ||     1
